 Dungeon Crawl Stone Soup version 0.29-a0-297-g7659ce593d (console) character file.

Game seed: 17560580297198733783

12529 Ignak the Fighter (level 11, -33/115 HPs)
             Began as an Ogre Warper on Mar 21, 2022.
             Was a High Priest of Okawaru.
             Annihilated by Donald
             ... wielding a +3 eveningstar of protection
              (48 damage)
             ... on level 2 of the Orcish Mines.
             The game lasted 00:35:58 (12457 turns).

Ignak the Fighter (Ogre Warper)                    Turns: 12457, Time: 00:36:03

Health: -33/115    AC: 15    Str: 21      XL:     11   Next: 94%
Magic:  17/22      EV: 11    Int: 13 (14) God:    Okawaru [*****.]
Gold:   708        SH:  0    Dex:  8 (10) Spells: 13/25 levels left

rFire   . . .      SeeInvis .   z - +7 war axe of Zuih {venom, rN+ Dex+2}
rCold   . . .      Faith    .   (no shield)
rNeg    + . .      Spirit   .   D - +0 steam dragon scales
rPois   +          Reflect  .   (helmet restricted)
rElec   .          Harm     .   J - +2 cloak {Stlth+}
rCorr   .          Rampage  .   (gloves unavailable)
Will    +....      Rage     1%  (boots unavailable)
Stlth   ++........              k - amulet of regeneration
HPRegen 1.09/turn               s - +4 ring of protection
MPRegen 0.18/turn               o - ring of poison resistance

@: very slightly contaminated
A: large, unfitting armour, tough skin 1, iridescent scales 1, berserk 1,
subdued magic 1
a: Renounce Religion, Heroism, Finesse, Duel


You were on level 2 of the Orcish Mines.
You worshipped Okawaru.
Okawaru was extremely pleased with you.
You visited 3 branches of the dungeon, and saw 14 of its levels.

You collected 918 gold pieces.
You spent 210 gold pieces at shops.

Inventory:

Hand Weapons
 a - a +2 flail of protection
 b - a +0 flail of venom
 t - a +0 giant spiked club
 y - a +2 morningstar of holy wrath
 z - the +7 war axe of Zuih (weapon) {venom, rN+ Dex+2}
   (You took it off an orc priest on level 8 of the Dungeon)

   It poisons the flesh of those it strikes.
   Dex:       It affects your dexterity (+2).
   rN:        It protects you from negative energy.
 C - a +2 whip of electrocution
Missiles
 d - 8 boomerangs of dispersal
 e - 16 poisoned darts (quivered)
 n - 8 boomerangs
Armour
 B - a scarf of invisibility
 D - +0 steam dragon scales (worn)
 J - a +2 cloak of stealth (worn)
Jewellery
 k - an amulet of regeneration (around neck)
 o - a ring of poison resistance (right hand)
 q - a ring of protection from fire
 s - a +4 ring of protection (left hand)
 v - a ring of flight
 G - an amulet of faith
 H - a ring of protection from fire
Wands
 x - a wand of acid (9)
 A - a wand of charming (8)
 F - a wand of iceblast (3)
 I - a wand of flame (3)
Scrolls
 c - a scroll of blinking
 f - 9 scrolls of teleportation
 g - 3 scrolls of magic mapping
 h - a scroll of holy word
 i - a scroll of fear
 j - a scroll of fog
 m - 2 scrolls of enchant weapon
 p - 3 scrolls of enchant armour
 r - a scroll of summoning
Potions
 l - 5 potions of curing
 u - a potion of brilliance
 w - 4 potions of heal wounds
 E - a potion of resistance


   Skills:
 + Level 9.4 Fighting
 * Level 9.0 Maces & Flails
 - Level 1.0 Throwing
 + Level 6.8 Dodging
 - Level 2.0 Unarmed Combat
 + Level 7.9 Spellcasting
 * Level 2.7 Conjurations
 + Level 6.8 Translocations
 - Level 5.0 Ice Magic
 * Level 2.8 Air Magic
 * Level 2.9 Poison Magic
 * Level 0.0 Invocations


You had 13 spell levels left.
You knew the following spells:

 Your Spells              Type           Power      Damage    Failure   Level
a - Teleport Other        Tloc           17%        N/A       1%          3
b - Blink                 Tloc           34%        N/A       1%          2
d - Mephitic Cloud        Conj/Pois/Air  9%         N/A       11%         3
h - Apportation           Tloc           34%        N/A       1%          1
z - Ozocubu's Armour      Ice            14%        N/A       4%          3

Your spell library contained the following spells:

 Spells                   Type           Power      Damage    Failure   Level
 Gell's Gravitas          Tloc           17%        N/A       1%          3
 Lesser Beckoning         Tloc           17%        N/A       1%          3
 Magic Dart               Conj           36%        1d4       3%          1
 Slow                     Hex            12%        N/A       12%         1
 Iskenderun's Mystic Bla  Conj/Tloc      13%        2d5       16%         4
 Scorch                   Fire           6%         2d5       19%         2
 Manifold Assault         Tloc           17%        N/A       19%         5
 Dazzling Flash           Conj/Hex       12%        N/A       21%         3
 Confusing Touch          Hex            3%         N/A       34%         3
 Vampiric Draining        Necr           3%         2d6       34%         3
 Flame Wave               Conj/Fire      6%         2d5       56%         4
 Petrify                  Tmut/Erth      3%         N/A       77%         4
 Metabolic Englaciation   Hex/Ice        4%         N/A       77%         5
 Starburst                Conj/Fire      3%         6d3       100%        6
 Statue Form              Tmut/Erth      2%         N/A       100%        6
 Ozocubu's Refrigeration  Ice            7%         4d6       100%        7
 Animate Skeleton         Necr           Unusable   N/A       N/A         1
 Summon Small Mammal      Summ           Unusable   N/A       N/A         1
 Call Imp                 Summ           Unusable   N/A       N/A         2
 Summon Cactus Giant      Summ           Unusable   N/A       N/A         6

Dungeon Overview and Level Annotations

Branches:
Dungeon (11/15)            Temple (1/1) D:7            Lair (0/6) D:8
    Orc (2/2) D:9
    Elf: Orc:2

Altars:
Ashenzari
Dithmenos
Elyvilon
Fedhas
Gozag
Hepliaklqana
Kikubaaqudgha
Makhleb
Nemelex Xobeh
Okawaru
Qazlal
Ru
Trog
Xom
Yredelemnul
The Shining One

Shops:
D:2 =

Annotations:
Orc:1 2 transporters, Tutuk's ghost, journeyman DEEE
Orc:2 Donald


Innate Abilities, Weirdness & Mutations

You are too large for most types of armour.
You have tough skin. (AC +1)
You are partially covered in iridescent scales. (AC +2)
You tend to lose your temper in combat.
Your spells are a little easier to cast, but a little less powerful.


Message History

Press: ? - help, Shift-Dir - straight line, f - Donald
Aim: Donald, wielding a +3 eveningstar of protection, wearing a +3 chain mail of fire resistance and wearing a +0 kite shield (strong, chance to affect: 34%)
The ball explodes into a vile cloud!
The stinking cloud engulfs Donald but does no damage.
The stinking cloud engulfs you but does no damage.
Donald is engulfed in noxious fumes.
Donald gestures wildly while chanting.
Donald seems to speed up.
Unknown command.
Unknown command.
You barely miss Donald.
Donald is engulfed in noxious fumes.
Donald hits you with a +3 eveningstar of protection!
Donald is engulfed in noxious fumes.
Donald hits you with a +3 eveningstar of protection!
Donald blocks your attack.
Donald is engulfed in noxious fumes.
Donald appears confused.
Donald hits you with a +3 eveningstar of protection!
You hit Donald but do no damage.
Donald is poisoned.
Donald is engulfed in noxious fumes.
Donald hits you with a +3 eveningstar of protection!!
You catch the helpless Donald completely off-guard!
You slice Donald!!
Donald looks as sick as possible!
Donald is moderately wounded.
Donald says, "Actually, I like you."
There is a stone staircase leading up here.
Casting: Mephitic Cloud (mildly dangerous; 11% risk of failure)
Confirm with . or Enter, or press ? or * to list all spells.
Okay, then.
Casting: Mephitic Cloud (mildly dangerous; 11% risk of failure)
Confirm with . or Enter, or press ? or * to list all spells.
You miscast Ozocubu's Armour.
You are very lightly contaminated with residual magic.
Nothing appears to happen.
You hit Donald but do no damage.
Donald looks as sick as possible!
Donald is moderately wounded.
Donald seems less confused.
Donald hits you with a +3 eveningstar of protection!!
* * * LOW HITPOINT WARNING * * *
Donald hits you with a +3 eveningstar of protection!!!
You die...

..^... ......#
##......#.
##.........
#..........
##..........
##..)#......#
##..).#.......
#....@@.......
.............$..
..#.........#...
...#.........# .
.. #...#.......
. ....#.........
..... .........
..#.. ........#


You could see Donald (fast, strong, extremely poisoned).

Vanquished Creatures
  A catoblepas (D:9)
  Erica (D:8)
  2 two-headed ogres (D:8)
  Pikel (D:8)
  A gargoyle (D:10)
  Psyche (D:8)
  A komodo dragon (D:8)
  2 trolls (D:10)
  A meliai (shapeshifter) (D:8)
  3 wyverns
  16 yaks
  Grum (D:10)
  2 steam dragons
  2 water moccasins (D:6)
  8 orc warriors
  2 ice beasts
  A sky beast (D:7)
  2 black bears
  5 ogres
  3 wolves (D:10)
  3 centaurs
  A phantom (D:6)
  A lemure (D:8)
  3 kobold brigands
  3 bullfrogs
  A necrophage (D:6)
  A scorpion (D:7)
  8 wights
  13 killer bees
  An electric eel (D:6)
  4 jellies
  2 gnoll shamans
  11 orc priests
  A hound (D:4)
  4 iguanas
  10 orc wizards
  Robin (D:4)
  8 gnolls
  8 adders
  2 white imps (D:8)
  3 ufetubi
  5 dart slugs
  54 orcs
  8 endoplasms
  3 giant cockroaches
  14 goblins
  12 hobgoblins
  3 jackals (D:3)
  20 kobolds
  4 quokkas
  4 ball pythons
  4 bats
  2 frilled lizards
  7 rats
285 creatures vanquished.

Vanquished Creatures (others)
  2 plants (D:8)
2 creatures vanquished.

Grand Total: 287 creatures vanquished

Notes
Turn   | Place    | Note
-------+----------+-------------------------------------------
     0 | D:1      | Ignak the Ogre Warper began the quest for the Orb.
     0 | D:1      | Reached XP level 1. HP: 22/22 MP: 3/3
   359 | D:1      | Reached XP level 2. HP: 20/29 MP: 5/5
   369 | D:1      | Learned a level 2 spell: Blink
   760 | D:1      | Reached skill level 1 in Unarmed Combat
   760 | D:1      | Reached XP level 3. HP: 13/37 MP: 7/7
  1404 | D:1      | Learned a level 3 spell: Teleport Other
  1450 | D:2      | Found Daux Lec's Jewellery Shoppe.
  1495 | D:2      | Reached XP level 4. HP: 41/45 MP: 2/8
  1902 | D:2      | Gained mutation: You are frail. (-10% HP) [potion of
                  | mutation]
  1902 | D:2      | Lost mutation: You are frail. (-10% HP) [potion of
                  | mutation]
  1902 | D:2      | Gained mutation: You are resistant to electric shocks.
                  | (rElec) [potion of mutation]
  1946 | D:2      | Found a faded altar of an unknown god.
  3064 | D:3      | Reached XP level 5. HP: 31/53 MP: 9/9
  3507 | D:4      | Noticed Robin
  3595 | D:4      | Killed Robin
  3646 | D:4      | Noticed a black bear
  3660 | D:4      | Killed a black bear
  3661 | D:4      | Reached XP level 6. HP: 27/62 MP: 7/11
  4172 | D:5      | Entered Level 5 of the Dungeon
  4190 | D:5      | Found a sparkling altar of Nemelex Xobeh.
  4250 | D:5      | Reached XP level 7. HP: 55/71 MP: 11/13
  4569 | D:5      | Identified the +4 scale mail "Gigh" {rPois rC+ MP-9 Stlth+}
  4813 | D:5      | Reached skill level 5 in Fighting
  4817 | D:5      | Learned a level 1 spell: Apportation
  5025 | D:6      | Reached XP level 8. HP: 77/80 MP: 14/14
  5201 | D:6      | Reached skill level 5 in Spellcasting
  5319 | D:6      | Reached skill level 5 in Maces & Flails
  5592 | D:6      | Reached XP level 9. HP: 79/92 MP: 17/17
  5663 | D:6      | Reached skill level 5 in Translocations
  6729 | D:7      | Reached skill level 5 in Dodging
  6987 | D:7      | Learned a level 3 spell: Ozocubu's Armour
  7072 | D:7      | Identified the +6 chain mail of Activism {Dex+3}
  7162 | D:7      | Reached skill level 1 in Ice Magic
  7230 | D:7      | Found a staircase to the Ecumenical Temple.
  7242 | Temple   | Entered the Ecumenical Temple
  7260 | Temple   | Became a worshipper of Warmaster Okawaru
  7412 | D:7      | Reached * piety under Okawaru
  7533 | D:8      | Noticed Pikel
  7549 | D:8      | Killed Pikel
  7550 | D:8      | Reached XP level 10. HP: 57/104 MP: 19/19
  7818 | D:8      | Noticed a two-headed ogre
  7840 | D:8      | Killed a two-headed ogre
  7906 | D:8      | Reached ** piety under Okawaru
  7975 | D:8      | Identified the +7 war axe of Zuih {venom, rN+ Dex+2}
  8200 | D:8      | Noticed Psyche
  8226 | D:8      | Killed Psyche
  8281 | D:8      | Noticed a two-headed ogre
  8290 | D:8      | Killed a two-headed ogre
  8373 | D:8      | Noticed Erica
  8471 | D:8      | Killed Erica
  8471 | D:8      | Reached *** piety under Okawaru
  8472 | D:8      | Reached XP level 11. HP: 75/113 MP: 20/22
  8511 | D:8      | Reached skill level 5 in Ice Magic
  8613 | D:8      | Found a staircase to the Lair.
  8769 | D:2      | Bought a ring of flight for 210 gold pieces
  9277 | D:8      | Learned a level 3 spell: Mephitic Cloud
  9772 | D:9      | Found a staircase to the Orcish Mines.
  9872 | D:9      | Noticed a catoblepas
  9903 | D:9      | HP: 4/113 [catoblepas (30)]
  9915 | D:9      | Killed a catoblepas
  9915 | D:9      | Reached **** piety under Okawaru
  9916 | D:9      | Reached skill level 1 in Conjurations
  9916 | D:9      | Reached skill level 1 in Air Magic
  9916 | D:9      | Reached skill level 1 in Poison Magic
 10170 | D:9      | Found a stormy altar of Qazlal.
 10488 | D:9      | Found a shimmering altar of Xom.
 10491 | D:9      | Found a shimmering altar of Xom.
 11077 | D:9      | Lost mutation: You are resistant to electric shocks.
                  | (rElec) [potion of mutation]
 11077 | D:9      | Gained mutation: Your spells are a little easier to cast,
                  | but a little less powerful. [potion of mutation]
 11077 | D:9      | Gained mutation: You tend to lose your temper in combat.
                  | [potion of mutation]
 11077 | D:9      | Gained mutation: You are partially covered in iridescent
                  | scales. (AC +2) [potion of mutation]
 11138 | D:10     | Entered Level 10 of the Dungeon
 11292 | D:10     | Reached ***** piety under Okawaru
 11624 | D:10     | Found an ancient bone altar of Kikubaaqudgha.
 11625 | D:10     | Found a shadowy altar of Dithmenos.
 11627 | D:10     | Found a glowing golden altar of the Shining One.
 11627 | D:10     | Found an opulent altar of Gozag.
 11629 | D:10     | Found a broken altar of Ashenzari.
 11630 | D:10     | Found a hazy altar of Hepliaklqana.
 11754 | D:10     | Found a bloodstained altar of Trog.
 11906 | D:10     | Noticed Grum
 11918 | D:10     | Killed Grum
 12077 | Orc:1    | Entered Level 1 of the Orcish Mines
 12125 | Orc:1    | Received a gift from Okawaru
 12191 | Orc:1    | Found a transporter.
 12193 | Orc:1    | Noticed a two-headed ogre
 12207 | Orc:1    | Noticed an orc knight
 12209 | Orc:1    | Noticed a two-headed ogre
 12210 | Orc:1    | Noticed Tutuk's ghost (journeyman DEEE)
 12210 | Orc:1    | Noticed a moth of wrath
 12236 | Orc:1    | Noticed a moth of wrath
 12261 | Orc:1    | Found a transporter.
 12263 | Orc:1    | Noticed an orc knight
 12284 | Orc:1    | Found a bloodstained altar of Trog.
 12415 | Orc:1    | Identified the +5 long sword of Reywit {vorpal, rCorr
                  | Str+4}
 12441 | Orc:2    | Entered Level 2 of the Orcish Mines
 12441 | Orc:2    | Noticed Donald
 12457 | Orc:2    | Annihilated by Donald

Illustrated notes

Levels and vault maps discovered:
D:1:      dpeg_arrival_lava_temple_mockup, layout_basic
D:2:      layout_basic, shapermc_ecumenical_altar_totnotflames, serial_shops,
          nicolae_diamond_shop, minmay_misc_feat_alley
D:3:      layout_basic, st_stairs_7, amethyst_killhole
D:4:      layout_basic, uniq_robin
D:5:      layout_loops_ring, lemuel_crystal_altar
D:6:      hellmonk_ruined_rings, layout_basic, chequers_serial_rivers_micro_d,
          minmay_misc_feat_rows, water_maze_lemuel
D:7:      layout_rooms, minmay_temple_entry_overgrown
D:8:      kennysheep_blocky_room, layout_cave_pods, david_lair_shrubbed,
          sigmund_army, uniq_psyche, uniq_erica, uniq_pikel
D:9:      layout_layer_cave, xom_redecorated, mainiacjoe_overflow_catwalk,
          david_orc_2
D:10:     layout_irregular_city, general_overflow_altar,
          grunt_temple_overflow_open, minmay_fractal_squares_5, uniq_grum
D:11:     layout_cave_pools, lightli_orcish_oven
Temple:   ebering_untended_altars
Orc:1:    layout_diamond_mine, gammafunk_ghost_wrathful_warriors, rock_pile
Orc:2:    grunt_orc_community_town_hall, layout_caves,
          grunt_orc_community_big_house_2, grunt_orc_community_big_house_2,
          grunt_orc_community_house_1, grunt_orc_community_house_2,
          grunt_orc_community_house_3, grunt_orc_community_house_1,
          serial_shops, nicolae_shop_trees, uniq_donald, uniq_maurice

Skill      XL: |  1  2  3  4  5  6  7  8  9 10 11 |
---------------+----------------------------------+-----
Maces & Flails | 2 3 4 5 7 8 9 |  9.0
Fighting       | 3 4 5 6 7 8 9 |  9.4
Unarmed Combat | 1 2 |  2.0
Translocations | 3 4 5 6 |  6.8
Spellcasting   | 3 4 5 6 7 |  7.9
Dodging        | 3 4 5 6 |  6.8
Ice Magic      | 3 4 5 |  5.0
Conjurations   | 2 |  2.7
Air Magic      | 2 |  2.8
Poison Magic   | 2 |  2.9
Throwing       | |  1.0

Action                   |  1- 3 |  4- 6 |  7- 9 | 10-12 || total
-------------------------+-------+-------+-------+-------++-------
Melee: Mace              |    31 |       |       |       ||    31
       Dagger            |    91 |   223 |     4 |       ||   318
       Punch             |     1 |     3 |     5 |     8 ||    17
       Giant spiked club |       |     3 |    17 |       ||    20
       Flail             |       |       |   351 |    78 ||   429
       Morningstar       |       |       |     5 |       ||     5
       War axe           |       |       |       |   244 ||   244
Throw: Boomerang         |       |     4 |     3 |       ||     7
       Dart              |       |       |       |    10 ||    10
 Cast: Teleport Other    |     1 |     1 |     4 |    12 ||    18
       Blink             |       |     2 |     5 |     3 ||    10
       Ozocubu's Armour  |       |       |       |     4 ||     4
       Mephitic Cloud    |       |       |       |     4 ||     4
Invok: Heroism           |       |       |       |     1 ||     1
  Use: Potion            |     1 |     4 |     3 |     6 ||    14
       Scroll            |       |     9 |       |     4 ||    13
 Stab: Sleeping          |     2 |       |       |     1 ||     3
       Confused          |       |       |       |     2 ||     2
Armor: Robe              |    36 |    64 |   207 |    34 ||   341
       Steam dragon scal |       |       |       |   150 ||   150
Dodge: Dodged            |    51 |   126 |   209 |   237 ||   623

Table legend: (Time is in decaauts)
 A = Elapsed time spent in this place.
 B = Non-inter-level travel time spent in this place.
 C = Inter-level travel time spent in this place.
 D = Time resting spent in this place.
 E = Time spent auto-exploring this place.
 F = Levels seen in this place.
 G = Mean time per level.
                   A        B        C        D        E       F      G
               +--------+--------+--------+--------+--------+-----+--------+
         Total |  12619 |  11941 |    678 |   1914 |   6023 |  14 |  901.4 |
       Dungeon |  12193 |  11529 |    664 |   1906 |   5861 |  11 | 1108.5 |
        Temple |     31 |     31 |      0 |      0 |      5 |   1 |   31.0 |
  Orcish Mines |    394 |    380 |     14 |      8 |    157 |   2 |  197.0 |
               +--------+--------+--------+--------+--------+-----+--------+

Top non-repeatable levels by time:
     D:8: 1782 daAuts
     D:6: 1776 daAuts
     D:9: 1484 daAuts
     D:1: 1446 daAuts
     D:3: 1198 daAuts
     D:5: 962 daAuts
    D:10: 933 daAuts
     D:4: 896 daAuts
     D:7: 851 daAuts
     D:2: 844 daAuts
   Orc:1: 376 daAuts
  Temple: 31 daAuts
   Orc:2: 17 daAuts
    D:11: 16 daAuts
